cohdb
Replays
Latest Replays
All Replays
Popular Replays
Top Player Replays
Match Explorer
How It Works
Community
CoH3 Stats
Reddit
Sign in to upload your games and track your stats! →
Sign in with Steam
Match 41874466
Unlisted
Match 41874466
Overview
Messages
Build Orders
End
Kradschützen Motorcycle Team
Panzerpioneer Squad
250 Light Carrier
Kradschützen Motorcycle Team
Panzergrenadier Squad
Construct Light Support Kompanie
Combat Half-tracks
Assault Mechanized Group
Construct Mechanized Kompanie
8 Rad Armored Car
254 Reconnaissance Tractor
Vehicle Survival Package
Selects Armored Support Battlegroup
Selects Veteran Gunners
Selects Salvage Kits
Selects Flammpanzer III Medium Tank
Construct Panzerarmee Kommand
Panzer III L Medium Tank
Panzer III L Medium Tank
Emergency Repair Kits
Selects Command Panzer IV F Medium Tank
Selects Panzer Storm
(502) Bad Gateway
CanKanbak
0
0
Comments
sign in to comment!
No comments posted yet!